[ PARTIDA AOE2 · #482845007 ]
UnrankedShu vs Mongols
[ ANÁLISIS DE REPETICIÓN · EXTRAÍDO DE LA PARTIDA GRABADA ]
Feudal
9:43
Castillos
13:16
Imperial
36:36
| APM promedio | 78.1 |
| APM pico | 108 |
| eAPM promedio | 34.2 |
| Aldeanos / militares | 197 / 4 |
Foco
⚔️ 19.0% · 🌾 81.0%
Unknown (1959) ×65 · Unknown (1962) ×39 · Unknown (1942) ×14 · Militia ×1 · Mangonel ×1 · Spearman ×1
Feudal
9:20
Castillos
29:09
Imperial
47:37
| APM promedio | 43.2 |
| APM pico | 96 |
| eAPM promedio | 30.3 |
| Aldeanos / militares | 251 / 75 |
Foco
⚔️ 29.3% · 🌾 70.7%
Mangudai ×40 · Archer ×18 · Mangonel ×12 · Monk ×2 · Spearman ×2 · Trebuchet (Packed) ×1
Feudal
8:26
Castillos
19:21
Imperial
33:38
| APM promedio | 98.2 |
| APM pico | 163 |
| eAPM promedio | 45.0 |
| Aldeanos / militares | 190 / 284 |
Foco
⚔️ 28.5% · 🌾 71.5%
War Elephant ×173 · Scout Cavalry ×54 · Petard ×25 · Camel Scout ×22 · Trade Cart ×10 · Trebuchet (Packed) ×8
Feudal
8:04
Castillos
20:01
Imperial
32:34
| APM promedio | 75.3 |
| APM pico | 119 |
| eAPM promedio | 35.4 |
| Aldeanos / militares | 235 / 183 |
Foco
⚔️ 43.2% · 🌾 56.8%
Knight ×153 · Battering Ram ×17 · Scout Cavalry ×10 · Trade Cart ×5 · Camel Scout ×3
Feudal
—
Castillos
—
Imperial
—
| APM promedio | 58.6 |
| APM pico | 136 |
| eAPM promedio | 31.5 |
| Aldeanos / militares | 168 / 190 |
Foco
⚔️ 48.1% · 🌾 51.9%
Spearman ×121 · Archer ×37 · Trade Cart ×27 · Hussite Wagon ×9 · Bombard Cannon ×7 · Trebuchet (Packed) ×6
Feudal
9:40
Castillos
23:59
Imperial
34:49
| APM promedio | 39.0 |
| APM pico | 76 |
| eAPM promedio | 23.7 |
| Aldeanos / militares | 137 / 92 |
Foco
⚔️ 51.2% · 🌾 48.8%
Archer ×82 · Trade Cart ×17 · Militia ×5 · Spearman ×5
Feudal
9:20
Castillos
22:09
Imperial
36:20
| APM promedio | 58.8 |
| APM pico | 159 |
| eAPM promedio | 26.3 |
| Aldeanos / militares | 209 / 292 |
Foco
⚔️ 43.4% · 🌾 56.6%
Camel Scout ×172 · Hand Cannoneer ×65 · Scout Cavalry ×53 · Trade Cart ×17 · Monk ×1 · Spearman ×1
Feudal
9:06
Castillos
21:42
Imperial
41:45
| APM promedio | 56.0 |
| APM pico | 115 |
| eAPM promedio | 31.5 |
| Aldeanos / militares | 190 / 427 |
Foco
⚔️ 43.2% · 🌾 56.8%
Spearman ×356 · Knight ×26 · Monk ×24 · Scout Cavalry ×20 · Warrior Priest ×1
Mapa de la partida
Recursos iniciales + cada clic de construcción. Líneas = muros · curvas = relieve. ◆ oro · ⬟ piedra · ● bayas · ✦ reliquia · ◌ hueco del cierre
Tu base· Abierta — flanco sin cerrar
Base de [R1] Duke PEÑAROL Thompson· ✓ Cerrada en 29:09 · 122t muro · 2 puerta(s)
Base de Fs.Bily· Abierta — flanco sin cerrar
Base de Oni.TaToH· Abierta — flanco sin cerrar
Base de BielVicc· Abierta — hueco de 7t
Base de Poxo· ✓ Cerrada en 23:59 · 60t muro · sin puerta
Base de Fs.Alive· Abierta — flanco sin cerrar
Base de [R1] Pume· Abierta — flanco sin cerrar
Terreno inicial suavizado · ◌ = hueco del cierre detectado · pasá el cursor para detalles
Inputs por minuto
— Fs.BO do Bily - - [R1] Duke PEÑAROL Thompson
Build order — Fs.BO do Bily
Primeras 150 de 544 acciones detectadas
| 0:02 | Crear | Villager (Male) |
| 0:02 | Crear | Villager (Male) |
| 0:02 | Construir | House |
| 0:04 | Construir | House |
| 0:09 | Crear | Villager (Male) |
| 0:10 | Crear | Villager (Male) |
| 1:28 | Crear | Villager (Male) |
| 1:49 | Crear | Villager (Male) |
| 2:27 | Crear | Villager (Male) |
| 2:27 | Crear | Villager (Male) |
| 2:51 | Crear | Villager (Male) |
| 3:16 | Crear | Villager (Male) |
| 3:25 | Construir | Lumber Camp |
| 3:35 | Crear | Villager (Male) |
| 3:35 | Crear | Villager (Male) |
| 4:03 | Crear | Villager (Male) |
| 4:03 | Crear | Villager (Male) |
| 4:05 | Construir | House |
| 4:28 | Crear | Villager (Male) |
| 4:29 | Crear | Villager (Male) |
| 5:15 | Construir | House |
| 5:47 | Crear | Villager (Male) |
| 5:47 | Crear | Villager (Male) |
| 6:07 | Construir | Mill |
| 6:56 | Investigar | Loom |
| 7:33 | Investigar | Feudal Age |
| 7:59 | Crear | Villager (Male) |
| 7:59 | Crear | Villager (Male) |
| 9:08 | Construir | Palisade Wall |
| 9:09 | Construir | Palisade Wall |
| 9:43 | Edad | Edad Feudal |
| 9:45 | Construir | Market |
| 9:52 | Construir | Blacksmith |
| 10:25 | Construir | House |
| 10:26 | Construir | Palisade Wall |
| 10:36 | Investigar | Castle Age |
| 10:36 | Investigar | Castle Age |
| 11:16 | Construir | Farm |
| 11:18 | Construir | Farm |
| 11:21 | Construir | Farm |
| 11:35 | Construir | Farm |
| 11:48 | Crear | Villager (Male) |
| 11:53 | Construir | Farm |
| 12:49 | Construir | Palisade Wall |
| 13:16 | Edad | Edad de los Castillos |
| 13:17 | Construir | Siege Workshop |
| 13:24 | Crear | Villager (Male) |
| 13:41 | Crear | Unit 1962 |
| 13:56 | Crear | Villager (Male) |
| 14:06 | Construir | Lumber Camp |
| 14:13 | Crear | Unit 1962 |
| 14:13 | Crear | Unit 1962 |
| 14:16 | Crear | Villager (Male) |
| 14:16 | Crear | Villager (Male) |
| 14:47 | Crear | Villager (Male) |
| 14:49 | Construir | House |
| 14:57 | Crear | Unit 1962 |
| 14:57 | Crear | Unit 1962 |
| 15:00 | Construir | House |
| 15:17 | Construir | Mill |
| 15:18 | Crear | Villager (Male) |
| 15:41 | Crear | Villager (Male) |
| 15:57 | Construir | Mining Camp |
| 16:25 | Crear | Villager (Male) |
| 16:25 | Crear | Villager (Male) |
| 16:49 | Crear | Unit 1962 |
| 16:49 | Crear | Unit 1962 |
| 16:55 | Crear | Villager (Male) |
| 16:55 | Crear | Villager (Male) |
| 17:25 | Crear | Villager (Male) |
| 17:25 | Crear | Villager (Male) |
| 17:47 | Crear | Villager (Male) |
| 17:49 | Construir | House |
| 17:50 | Construir | House |
| 17:56 | Construir | Town Center |
| 18:16 | Crear | Villager (Male) |
| 18:17 | Crear | Unit 1962 |
| 18:24 | Construir | House |
| 18:25 | Construir | House |
| 18:41 | Crear | Villager (Male) |
| 18:43 | Crear | Unit 1962 |
| 18:55 | Construir | House |
| 18:56 | Construir | House |
| 19:06 | Construir | Farm |
| 19:16 | Construir | Farm |
| 19:26 | Crear | Villager (Male) |
| 19:26 | Crear | Villager (Male) |
| 19:55 | Crear | Villager (Male) |
| 19:55 | Crear | Villager (Male) |
| 20:00 | Crear | Villager (Male) |
| 20:09 | Crear | Villager (Male) |
| 20:10 | Crear | Villager (Male) |
| 20:22 | Construir | Farm |
| 20:32 | Crear | Unit 1962 |
| 20:35 | Crear | Villager (Male) |
| 20:58 | Crear | Villager (Male) |
| 20:59 | Crear | Villager (Male) |
| 21:11 | Crear | Villager (Male) |
| 21:14 | Construir | Farm |
| 21:25 | Crear | Unit 1962 |
| 21:25 | Crear | Unit 1962 |
| 21:45 | Crear | Villager (Male) |
| 22:03 | Construir | Farm |
| 22:20 | Crear | Villager (Male) |
| 22:25 | Crear | Unit 1962 |
| 22:25 | Crear | Unit 1962 |
| 22:29 | Crear | Villager (Male) |
| 22:42 | Crear | Villager (Male) |
| 23:06 | Crear | Villager (Male) |
| 23:06 | Crear | Villager (Male) |
| 23:09 | Construir | Farm |
| 23:15 | Crear | Unit 1962 |
| 23:15 | Crear | Unit 1962 |
| 23:24 | Construir | Farm |
| 23:36 | Construir | Town Center |
| 23:40 | Crear | Unit 1962 |
| 23:42 | Crear | Villager (Male) |
| 23:46 | Crear | Villager (Male) |
| 23:46 | Crear | Villager (Male) |
| 23:52 | Construir | House |
| 23:53 | Construir | House |
| 23:53 | Construir | House |
| 23:54 | Construir | House |
| 23:54 | Construir | House |
| 24:07 | Crear | Villager (Male) |
| 24:07 | Crear | Villager (Male) |
| 24:11 | Construir | House |
| 24:12 | Construir | House |
| 24:18 | Crear | Villager (Male) |
| 24:18 | Crear | Villager (Male) |
| 24:35 | Crear | Villager (Male) |
| 24:35 | Crear | Villager (Male) |
| 24:54 | Crear | Villager (Male) |
| 25:01 | Investigar | Double-Bit Axe |
| 25:01 | Investigar | Double-Bit Axe |
| 25:13 | Crear | Villager (Male) |
| 25:13 | Crear | Villager (Male) |
| 25:52 | Crear | Villager (Male) |
| 25:52 | Crear | Villager (Male) |
| 25:52 | Crear | Villager (Male) |
| 25:55 | Construir | Farm |
| 25:57 | Construir | Farm |
| 26:07 | Crear | Unit 1962 |
| 26:07 | Crear | Unit 1962 |
| 26:22 | Construir | House |
| 26:25 | Construir | House |
| 26:33 | Crear | Unit 1962 |
| 26:36 | Crear | Villager (Male) |
| 26:37 | Crear | Villager (Male) |
| 26:51 | Crear | Unit 1962 |
Build order — [R1] Duke PEÑAROL Thompson
Primeras 150 de 600 acciones detectadas
| 0:00 | Crear | Villager (Male) |
| 0:01 | Crear | Villager (Male) |
| 0:02 | Construir | House |
| 0:02 | Construir | House |
| 0:06 | Crear | Villager (Male) |
| 0:07 | Crear | Villager (Male) |
| 1:34 | Crear | Villager (Male) |
| 1:40 | Construir | House |
| 1:53 | Crear | Villager (Male) |
| 2:18 | Crear | Villager (Male) |
| 2:25 | Crear | Villager (Male) |
| 2:25 | Crear | Villager (Male) |
| 2:40 | Crear | Villager (Male) |
| 2:56 | Crear | Villager (Male) |
| 2:56 | Crear | Villager (Male) |
| 3:12 | Crear | Villager (Male) |
| 3:12 | Crear | Villager (Male) |
| 3:23 | Crear | Villager (Male) |
| 3:23 | Crear | Villager (Male) |
| 3:31 | Construir | Lumber Camp |
| 4:01 | Crear | Villager (Male) |
| 4:11 | Crear | Villager (Male) |
| 4:11 | Crear | Villager (Male) |
| 4:33 | Construir | House |
| 4:38 | Investigar | Loom |
| 4:38 | Crear | Villager (Male) |
| 4:38 | Crear | Villager (Male) |
| 4:40 | Crear | Villager (Male) |
| 4:54 | Crear | Villager (Male) |
| 4:55 | Crear | Villager (Male) |
| 4:57 | Crear | Villager (Male) |
| 4:57 | Crear | Villager (Male) |
| 5:18 | Crear | Villager (Male) |
| 5:24 | Crear | Villager (Male) |
| 5:55 | Construir | Mill |
| 6:11 | Crear | Villager (Male) |
| 6:44 | Crear | Villager (Male) |
| 7:10 | Investigar | Feudal Age |
| 7:46 | Construir | Barracks |
| 7:50 | Construir | House |
| 8:16 | Construir | Mining Camp |
| 9:02 | Crear | Villager (Male) |
| 9:02 | Crear | Villager (Male) |
| 9:20 | Edad | Edad Feudal |
| 9:21 | Construir | Archery Range |
| 9:42 | Crear | Villager (Male) |
| 9:46 | Construir | Archery Range |
| 9:58 | Construir | House |
| 10:03 | Crear | Villager (Male) |
| 10:06 | Crear | Archer |
| 10:10 | Crear | Villager (Male) |
| 10:10 | Crear | Villager (Male) |
| 10:17 | Construir | House |
| 10:21 | Crear | Villager (Male) |
| 10:32 | Crear | Villager (Male) |
| 10:33 | Crear | Archer |
| 10:34 | Crear | Villager (Male) |
| 10:36 | Crear | Villager (Male) |
| 10:37 | Crear | Villager (Male) |
| 10:45 | Investigar | Double-Bit Axe |
| 10:46 | Crear | Villager (Male) |
| 10:52 | Crear | Archer |
| 10:55 | Crear | Villager (Male) |
| 10:57 | Construir | House |
| 10:57 | Crear | Archer |
| 11:12 | Crear | Archer |
| 11:22 | Construir | House |
| 11:26 | Crear | Villager (Male) |
| 11:26 | Crear | Villager (Male) |
| 11:33 | Crear | Archer |
| 11:48 | Construir | Blacksmith |
| 12:00 | Crear | Archer |
| 12:04 | Crear | Villager (Male) |
| 12:14 | Crear | Archer |
| 12:15 | Crear | Archer |
| 12:24 | Construir | House |
| 12:26 | Crear | Archer |
| 12:32 | Crear | Villager (Male) |
| 12:49 | Investigar | Fletching |
| 12:54 | Crear | Archer |
| 12:57 | Construir | House |
| 13:04 | Crear | Archer |
| 13:20 | Crear | Villager (Male) |
| 13:30 | Crear | Archer |
| 13:37 | Crear | Archer |
| 13:50 | Crear | Archer |
| 14:03 | Crear | Villager (Male) |
| 14:07 | Construir | House |
| 14:11 | Crear | Villager (Male) |
| 14:32 | Crear | Villager (Male) |
| 14:33 | Crear | Archer |
| 14:33 | Crear | Archer |
| 14:39 | Construir | Farm |
| 14:39 | Construir | Farm |
| 14:39 | Construir | Farm |
| 14:42 | Construir | Farm |
| 14:42 | Construir | Farm |
| 14:51 | Crear | Villager (Male) |
| 14:51 | Crear | Villager (Male) |
| 14:55 | Construir | House |
| 15:07 | Construir | House |
| 15:09 | Construir | House |
| 15:33 | Crear | Villager (Male) |
| 15:35 | Construir | House |
| 15:37 | Construir | Palisade Wall |
| 15:44 | Crear | Archer |
| 15:45 | Crear | Villager (Male) |
| 15:53 | Crear | Villager (Male) |
| 15:54 | Crear | Villager (Male) |
| 15:57 | Construir | Watch Tower |
| 16:14 | Crear | Villager (Male) |
| 16:39 | Construir | Market |
| 16:49 | Crear | Villager (Male) |
| 17:06 | Construir | Watch Tower |
| 17:19 | Crear | Villager (Male) |
| 18:04 | Crear | Villager (Male) |
| 18:04 | Crear | Villager (Male) |
| 18:20 | Crear | Villager (Male) |
| 18:40 | Construir | Lumber Camp |
| 18:53 | Construir | Stone Wall |
| 19:27 | Construir | Mining Camp |
| 19:32 | Crear | Villager (Male) |
| 19:50 | Construir | Stone Wall |
| 20:36 | Construir | Farm |
| 20:36 | Construir | Farm |
| 20:36 | Construir | Farm |
| 20:46 | Construir | Stone Wall |
| 20:55 | Crear | Villager (Male) |
| 21:18 | Construir | Stone Wall |
| 21:29 | Crear | Spearman |
| 21:36 | Crear | Villager (Male) |
| 21:36 | Crear | Villager (Male) |
| 21:36 | Crear | Villager (Male) |
| 21:37 | Crear | Villager (Male) |
| 21:41 | Construir | Farm |
| 21:41 | Construir | Farm |
| 21:42 | Construir | Farm |
| 21:42 | Construir | Farm |
| 21:42 | Construir | Farm |
| 22:05 | Construir | Stone Wall |
| 22:08 | Crear | Villager (Male) |
| 22:09 | Crear | Villager (Male) |
| 22:14 | Construir | Farm |
| 22:15 | Construir | Farm |
| 22:29 | Construir | Stone Wall |
| 22:36 | Crear | Villager (Male) |
| 22:36 | Crear | Villager (Male) |
| 22:40 | Construir | Stone Wall |
| 22:41 | Construir | Stone Wall |
| 22:46 | Construir | Stone Wall |
Build order — Fs.Bily
Primeras 150 de 576 acciones detectadas
| 0:01 | Crear | Villager (Male) |
| 0:02 | Construir | House |
| 0:02 | Construir | House |
| 0:06 | Crear | Villager (Male) |
| 0:06 | Crear | Villager (Male) |
| 0:06 | Crear | Villager (Male) |
| 0:11 | Crear | Villager (Male) |
| 0:11 | Crear | Villager (Male) |
| 1:21 | Crear | Villager (Male) |
| 1:45 | Construir | Lumber Camp |
| 1:51 | Crear | Villager (Male) |
| 1:51 | Crear | Villager (Male) |
| 2:24 | Crear | Villager (Male) |
| 2:25 | Crear | Villager (Male) |
| 2:25 | Crear | Villager (Male) |
| 2:45 | Crear | Villager (Male) |
| 2:45 | Crear | Villager (Male) |
| 2:46 | Crear | Villager (Male) |
| 3:02 | Crear | Villager (Male) |
| 3:02 | Crear | Villager (Male) |
| 3:22 | Crear | Villager (Male) |
| 3:22 | Crear | Villager (Male) |
| 3:54 | Construir | House |
| 4:21 | Crear | Villager (Male) |
| 4:22 | Crear | Villager (Male) |
| 4:22 | Crear | Villager (Male) |
| 4:22 | Crear | Villager (Male) |
| 4:29 | Construir | Mill |
| 5:34 | Crear | Villager (Male) |
| 5:54 | Crear | Villager (Male) |
| 6:18 | Investigar | Feudal Age |
| 6:18 | Investigar | Feudal Age |
| 7:20 | Construir | Barracks |
| 7:28 | Construir | Barracks |
| 7:49 | Construir | House |
| 8:13 | Crear | Villager (Male) |
| 8:26 | Investigar | Loom |
| 8:26 | Edad | Edad Feudal |
| 8:30 | Construir | Stable |
| 8:33 | Investigar | Double-Bit Axe |
| 8:50 | Crear | Villager (Male) |
| 9:07 | Construir | House |
| 9:15 | Crear | Scout Cavalry |
| 9:18 | Crear | Villager (Male) |
| 9:22 | Construir | Blacksmith |
| 9:24 | Construir | Palisade Wall |
| 9:28 | Crear | Scout Cavalry |
| 9:46 | Crear | Villager (Male) |
| 9:48 | Construir | Farm |
| 9:58 | Crear | Scout Cavalry |
| 10:12 | Crear | Villager (Male) |
| 10:17 | Construir | Farm |
| 10:21 | Crear | Villager (Male) |
| 10:36 | Construir | House |
| 10:50 | Construir | Farm |
| 10:54 | Investigar | Forging |
| 10:59 | Crear | Villager (Male) |
| 10:59 | Crear | Villager (Male) |
| 11:00 | Crear | Villager (Male) |
| 11:19 | Construir | Farm |
| 11:21 | Construir | Farm |
| 11:24 | Construir | House |
| 11:27 | Construir | Farm |
| 11:31 | Crear | Scout Cavalry |
| 11:31 | Crear | Scout Cavalry |
| 11:34 | Crear | Villager (Male) |
| 11:34 | Crear | Villager (Male) |
| 11:43 | Construir | Farm |
| 11:56 | Crear | Villager (Male) |
| 12:08 | Crear | Scout Cavalry |
| 12:08 | Crear | Scout Cavalry |
| 12:08 | Crear | Scout Cavalry |
| 12:14 | Construir | Farm |
| 12:19 | Crear | Villager (Male) |
| 12:20 | Construir | Farm |
| 12:36 | Construir | Farm |
| 12:54 | Crear | Villager (Male) |
| 13:12 | Crear | Villager (Male) |
| 13:24 | Construir | Farm |
| 13:26 | Construir | Farm |
| 13:29 | Construir | Farm |
| 13:41 | Crear | Villager (Male) |
| 13:49 | Construir | Mining Camp |
| 14:02 | Crear | Scout Cavalry |
| 14:03 | Crear | Villager (Male) |
| 14:10 | Investigar | Scale Barding Armor |
| 14:35 | Crear | Villager (Male) |
| 14:38 | Crear | Villager (Male) |
| 14:41 | Construir | Farm |
| 14:44 | Construir | Farm |
| 14:45 | Crear | Villager (Male) |
| 14:47 | Crear | Villager (Male) |
| 14:57 | Crear | Spearman |
| 15:02 | Construir | House |
| 15:07 | Construir | Palisade Wall |
| 15:09 | Construir | Palisade Wall |
| 15:11 | Construir | Palisade Wall |
| 15:38 | Construir | Farm |
| 16:07 | Construir | Palisade Wall |
| 16:09 | Construir | Palisade Wall |
| 16:14 | Construir | Farm |
| 16:25 | Construir | Palisade Wall |
| 16:31 | Construir | Farm |
| 16:31 | Construir | Farm |
| 16:31 | Construir | Farm |
| 16:31 | Construir | Farm |
| 16:31 | Construir | Farm |
| 16:56 | Investigar | Castle Age |
| 16:56 | Investigar | Castle Age |
| 16:56 | Investigar | Castle Age |
| 17:35 | Crear | Spearman |
| 17:44 | Construir | Palisade Wall |
| 17:47 | Construir | Palisade Wall |
| 17:48 | Construir | Palisade Wall |
| 18:13 | Construir | Palisade Wall |
| 18:15 | Construir | Palisade Wall |
| 18:39 | Construir | House |
| 18:52 | Investigar | Bloodlines |
| 19:21 | Edad | Edad de los Castillos |
| 19:24 | Investigar | Light Cavalry (upgrade) |
| 19:31 | Crear | Villager (Male) |
| 19:35 | Construir | Town Center |
| 19:53 | Crear | Villager (Male) |
| 20:06 | Crear | Camel Scout |
| 20:35 | Crear | Villager (Male) |
| 20:35 | Crear | Villager (Male) |
| 20:58 | Crear | Camel Scout |
| 21:00 | Crear | Villager (Male) |
| 21:05 | Crear | Villager (Male) |
| 21:05 | Crear | Villager (Male) |
| 21:15 | Crear | Camel Scout |
| 21:23 | Construir | Town Center |
| 21:35 | Construir | Town Center |
| 21:37 | Crear | Villager (Male) |
| 21:47 | Crear | Villager (Male) |
| 21:56 | Crear | Villager (Male) |
| 21:56 | Crear | Villager (Male) |
| 21:56 | Crear | Villager (Male) |
| 21:56 | Crear | Villager (Male) |
| 22:23 | Crear | Villager (Male) |
| 22:23 | Crear | Villager (Male) |
| 22:24 | Crear | Villager (Male) |
| 22:25 | Crear | Villager (Male) |
| 22:25 | Construir | Farm |
| 22:25 | Construir | Farm |
| 22:27 | Crear | Villager (Male) |
| 22:28 | Crear | Villager (Male) |
| 23:05 | Crear | Villager (Male) |
| 23:05 | Crear | Villager (Male) |
| 23:07 | Construir | Farm |
Build order — Oni.TaToH
Primeras 150 de 655 acciones detectadas
| 0:03 | Crear | Villager (Male) ×5 |
| 0:03 | Crear | Villager (Male) ×5 |
| 0:04 | Construir | House |
| 0:04 | Construir | House |
| 1:25 | Crear | Villager (Male) |
| 1:51 | Crear | Villager (Male) |
| 2:19 | Crear | Villager (Male) |
| 2:21 | Construir | Mill |
| 2:41 | Crear | Villager (Male) |
| 3:16 | Crear | Villager (Male) |
| 3:24 | Construir | House |
| 3:41 | Crear | Villager (Male) |
| 3:59 | Crear | Villager (Male) |
| 4:08 | Construir | Lumber Camp |
| 4:26 | Crear | Villager (Male) |
| 4:51 | Crear | Villager (Male) |
| 5:18 | Crear | Villager (Male) |
| 5:59 | Investigar | Feudal Age |
| 7:06 | Crear | Villager (Male) |
| 7:07 | Construir | Barracks |
| 7:32 | Construir | House |
| 8:04 | Edad | Edad Feudal |
| 8:13 | Crear | Villager (Male) |
| 8:20 | Construir | Stable |
| 8:49 | Construir | House |
| 8:50 | Investigar | Double-Bit Axe |
| 8:51 | Crear | Villager (Male) |
| 9:12 | Crear | Villager (Male) |
| 9:22 | Crear | Scout Cavalry |
| 9:23 | Crear | Villager (Male) |
| 9:43 | Crear | Villager (Male) |
| 9:47 | Construir | Mill |
| 9:56 | Crear | Villager (Male) |
| 10:03 | Crear | Scout Cavalry |
| 10:06 | Construir | Farm |
| 10:08 | Construir | Farm |
| 10:17 | Construir | Farm |
| 10:19 | Crear | Scout Cavalry |
| 10:24 | Construir | House |
| 10:34 | Crear | Villager (Male) |
| 10:36 | Construir | Farm |
| 10:40 | Construir | House |
| 10:43 | Crear | Scout Cavalry |
| 10:51 | Construir | Farm |
| 10:51 | Crear | Villager (Male) |
| 11:10 | Construir | Gate |
| 11:12 | Crear | Villager (Male) |
| 11:14 | Construir | Farm |
| 11:23 | Crear | Villager (Male) |
| 11:26 | Construir | House |
| 11:27 | Construir | Stone Wall |
| 11:33 | Construir | House |
| 11:35 | Construir | Stone Wall |
| 11:38 | Crear | Villager (Male) |
| 11:38 | Crear | Villager (Male) |
| 11:44 | Crear | Scout Cavalry |
| 11:44 | Crear | Villager (Male) |
| 11:47 | Construir | Farm |
| 12:01 | Crear | Villager (Male) |
| 12:06 | Construir | Farm |
| 12:08 | Construir | Farm |
| 12:11 | Crear | Scout Cavalry |
| 12:20 | Construir | Farm |
| 12:40 | Crear | Villager (Male) |
| 12:42 | Construir | Farm |
| 12:51 | Crear | Scout Cavalry |
| 12:56 | Crear | Villager (Male) |
| 12:58 | Construir | Farm |
| 13:01 | Construir | Farm |
| 13:19 | Crear | Villager (Male) |
| 13:29 | Construir | House |
| 13:30 | Construir | Stone Wall |
| 13:38 | Crear | Villager (Male) |
| 13:46 | Construir | Blacksmith |
| 13:59 | Crear | Villager (Male) |
| 14:00 | Crear | Scout Cavalry |
| 14:26 | Crear | Villager (Male) |
| 14:28 | Construir | Farm |
| 14:30 | Construir | Farm |
| 14:31 | Construir | Farm |
| 14:48 | Crear | Villager (Male) |
| 14:49 | Construir | Mining Camp |
| 15:04 | Crear | Villager (Male) |
| 15:05 | Investigar | Bloodlines |
| 15:06 | Investigar | Scale Barding Armor |
| 15:09 | Construir | Farm |
| 15:46 | Crear | Villager (Male) |
| 16:19 | Crear | Villager (Male) |
| 16:39 | Construir | Market |
| 16:42 | Crear | Villager (Male) |
| 17:06 | Crear | Villager (Male) |
| 17:22 | Construir | Farm |
| 17:35 | Investigar | Castle Age |
| 17:37 | Crear | Scout Cavalry |
| 17:55 | Investigar | Forging |
| 18:15 | Crear | Villager (Male) |
| 18:37 | Construir | Lumber Camp |
| 19:10 | Investigar | Gold Mining |
| 19:11 | Investigar | Horse Collar |
| 19:21 | Construir | Stable |
| 19:47 | Crear | Villager (Male) |
| 19:58 | Construir | Farm |
| 20:01 | Edad | Edad de los Castillos |
| 20:03 | Investigar | Light Cavalry (upgrade) |
| 20:04 | Investigar | Husbandry |
| 20:07 | Investigar | Bow Saw |
| 20:11 | Crear | Knight |
| 20:31 | Crear | Villager (Male) |
| 20:32 | Crear | Knight |
| 20:37 | Construir | House |
| 20:40 | Construir | Farm |
| 20:40 | Construir | Farm |
| 20:50 | Investigar | Loom |
| 20:58 | Crear | Knight |
| 21:12 | Crear | Villager (Male) |
| 21:17 | Crear | Knight |
| 21:21 | Crear | Villager (Male) |
| 21:27 | Construir | Town Center |
| 21:39 | Crear | Knight |
| 21:51 | Crear | Knight |
| 21:56 | Crear | Villager (Male) |
| 21:59 | Construir | Farm |
| 22:03 | Crear | Knight |
| 22:07 | Construir | House |
| 22:09 | Investigar | Wheelbarrow |
| 22:10 | Construir | House |
| 22:32 | Crear | Knight |
| 22:53 | Crear | Knight |
| 23:02 | Crear | Villager (Male) |
| 23:05 | Crear | Villager (Male) |
| 23:06 | Crear | Villager (Male) |
| 23:10 | Construir | Town Center |
| 23:34 | Crear | Villager (Male) |
| 23:37 | Construir | Farm |
| 23:38 | Construir | Farm |
| 23:38 | Construir | Farm |
| 23:42 | Crear | Villager (Male) |
| 23:48 | Crear | Camel Scout |
| 23:50 | Investigar | Town Watch |
| 23:51 | Crear | Villager (Male) |
| 23:53 | Construir | Farm |
| 24:00 | Construir | Farm |
| 24:01 | Crear | Villager (Male) |
| 24:02 | Construir | Farm |
| 24:17 | Crear | Villager (Male) |
| 24:43 | Crear | Villager (Male) |
| 24:44 | Crear | Villager (Male) |
| 24:47 | Crear | Villager (Male) |
| 24:47 | Crear | Villager (Male) |
| 24:50 | Crear | Villager (Male) |
Build order — BielVicc
Primeras 150 de 598 acciones detectadas
| 0:01 | Crear | Villager (Male) |
| 0:01 | Crear | Villager (Male) |
| 0:03 | Construir | House |
| 0:04 | Construir | House |
| 0:07 | Crear | Villager (Male) |
| 0:08 | Crear | Villager (Male) |
| 1:26 | Crear | Villager (Male) |
| 1:26 | Crear | Villager (Male) |
| 1:51 | Crear | Villager (Male) |
| 2:14 | Crear | Villager (Male) |
| 2:52 | Crear | Villager (Male) |
| 2:53 | Crear | Villager (Male) |
| 2:53 | Crear | Villager (Male) |
| 3:09 | Construir | Lumber Camp |
| 3:42 | Crear | Villager (Male) |
| 3:43 | Crear | Villager (Male) |
| 3:50 | Crear | Villager (Male) |
| 3:59 | Construir | House |
| 4:18 | Crear | Villager (Male) |
| 4:20 | Crear | Villager (Male) |
| 4:21 | Crear | Villager (Male) |
| 4:48 | Crear | Villager (Male) |
| 5:35 | Construir | Mining Camp |
| 5:38 | Investigar | Loom |
| 6:17 | Investigar | Feudal Age |
| 6:17 | Investigar | Feudal Age |
| 6:58 | Construir | House |
| 7:21 | Crear | Villager (Male) |
| 7:50 | Construir | Barracks |
| 8:42 | Crear | Spearman |
| 8:44 | Construir | Archery Range |
| 8:44 | Crear | Villager (Male) |
| 8:51 | Crear | Villager (Male) |
| 9:43 | Crear | Spearman |
| 9:46 | Construir | House |
| 9:50 | Construir | Palisade Wall |
| 9:53 | Crear | Archer |
| 9:59 | Construir | Palisade Wall |
| 9:59 | Crear | Villager (Male) |
| 10:02 | Construir | Palisade Wall |
| 10:14 | Crear | Archer |
| 10:29 | Construir | Blacksmith |
| 10:33 | Construir | House |
| 10:35 | Construir | Palisade Wall |
| 10:44 | Crear | Villager (Male) |
| 10:44 | Crear | Villager (Male) |
| 10:49 | Construir | House |
| 10:51 | Construir | Palisade Wall |
| 10:59 | Construir | Mill |
| 11:08 | Crear | Villager (Male) |
| 11:08 | Crear | Villager (Male) |
| 11:08 | Crear | Villager (Male) |
| 11:10 | Crear | Archer |
| 11:41 | Crear | Villager (Male) |
| 11:42 | Crear | Villager (Male) |
| 11:45 | Construir | House |
| 11:47 | Construir | Palisade Wall |
| 11:49 | Crear | Archer |
| 12:05 | Construir | Farm |
| 12:11 | Crear | Villager (Male) |
| 12:11 | Crear | Villager (Male) |
| 12:19 | Crear | Archer |
| 12:21 | Construir | Farm |
| 12:40 | Crear | Villager (Male) |
| 12:41 | Crear | Villager (Male) |
| 12:42 | Crear | Archer |
| 12:52 | Construir | Farm |
| 13:05 | Crear | Archer |
| 13:05 | Crear | Villager (Male) |
| 13:14 | Crear | Villager (Male) |
| 13:21 | Construir | Watch Tower |
| 13:23 | Crear | Archer |
| 13:27 | Crear | Villager (Male) |
| 13:39 | Investigar | Fletching |
| 13:40 | Investigar | Fletching |
| 13:46 | Crear | Villager (Male) |
| 13:49 | Crear | Archer |
| 14:10 | Crear | Villager (Male) |
| 14:25 | Construir | Farm |
| 14:26 | Construir | Farm |
| 14:30 | Crear | Archer |
| 14:34 | Crear | Villager (Male) |
| 14:43 | Construir | Farm |
| 14:47 | Crear | Villager (Male) |
| 14:52 | Construir | Farm |
| 15:01 | Construir | Palisade Wall |
| 15:04 | Construir | Palisade Wall |
| 15:05 | Construir | Palisade Wall |
| 15:06 | Crear | Villager (Male) |
| 15:11 | Crear | Archer |
| 15:17 | Crear | Villager (Male) |
| 15:19 | Construir | Palisade Gate |
| 15:21 | Crear | Villager (Male) |
| 15:28 | Crear | Archer |
| 15:29 | Crear | Archer |
| 15:39 | Construir | Farm |
| 15:58 | Construir | Farm |
| 16:06 | Crear | Spearman |
| 16:07 | Crear | Villager (Male) |
| 16:20 | Crear | Villager (Male) |
| 16:21 | Construir | House |
| 16:30 | Crear | Spearman |
| 16:40 | Investigar | Town Watch |
| 16:53 | Crear | Archer |
| 16:59 | Crear | Villager (Male) |
| 17:05 | Crear | Spearman |
| 17:07 | Crear | Villager (Male) |
| 17:14 | Crear | Villager (Male) |
| 17:22 | Construir | Farm |
| 17:22 | Construir | Farm |
| 17:49 | Crear | Villager (Male) |
| 17:59 | Crear | Villager (Male) |
| 18:23 | Crear | Villager (Male) |
| 18:27 | Construir | Market |
| 18:27 | Crear | Villager (Male) |
| 18:41 | Crear | Archer |
| 18:53 | Construir | House |
| 18:57 | Construir | House |
| 19:12 | Crear | Villager (Male) |
| 19:32 | Investigar | Castle Age |
| 19:33 | Investigar | Castle Age |
| 19:35 | Construir | Mining Camp |
| 19:46 | Construir | House |
| 20:02 | Investigar | Double-Bit Axe |
| 20:02 | Investigar | Double-Bit Axe |
| 20:06 | Crear | Archer |
| 20:45 | Construir | Archery Range |
| 20:48 | Crear | Archer |
| 20:51 | Investigar | Padded Archer Armor |
| 20:52 | Crear | Archer |
| 21:14 | Construir | House |
| 21:15 | Construir | House |
| 21:21 | Crear | Archer |
| 21:38 | Crear | Archer |
| 21:42 | Construir | House |
| 21:53 | Crear | Villager (Male) |
| 22:14 | Investigar | Crossbowman (upgrade) |
| 22:15 | Investigar | Bodkin Arrow |
| 22:19 | Construir | Monastery |
| 22:27 | Crear | Villager (Male) |
| 22:43 | Investigar | Horse Collar |
| 22:43 | Investigar | Horse Collar |
| 22:48 | Construir | Stone Wall |
| 22:51 | Construir | Stone Wall |
| 23:03 | Crear | Villager (Male) |
| 23:03 | Crear | Villager (Male) |
| 23:05 | Investigar | Fervor |
| 23:05 | Investigar | Fervor |
| 23:07 | Construir | Farm |
| 23:09 | Crear | Archer |
Build order — Poxo
Primeras 150 de 398 acciones detectadas
| 0:00 | Crear | Villager (Male) |
| 0:00 | Crear | Villager (Male) |
| 0:01 | Construir | House |
| 0:02 | Construir | House |
| 0:07 | Crear | Villager (Male) |
| 0:07 | Crear | Villager (Male) |
| 1:08 | Crear | Villager (Male) |
| 1:54 | Crear | Villager (Male) |
| 1:57 | Crear | Villager (Male) |
| 2:13 | Construir | Lumber Camp |
| 2:24 | Crear | Villager (Male) |
| 2:41 | Crear | Villager (Male) |
| 2:48 | Crear | Villager (Male) |
| 3:33 | Crear | Villager (Male) |
| 3:54 | Construir | House |
| 4:06 | Crear | Villager (Male) |
| 4:07 | Crear | Villager (Male) |
| 4:46 | Construir | House |
| 4:54 | Crear | Villager (Male) |
| 5:01 | Crear | Villager (Male) |
| 5:18 | Construir | Barracks |
| 5:27 | Crear | Villager (Male) |
| 5:31 | Crear | Villager (Male) |
| 6:06 | Construir | Mill |
| 6:13 | Crear | Militia |
| 6:13 | Crear | Militia |
| 6:46 | Investigar | Loom |
| 7:15 | Construir | Mining Camp |
| 7:19 | Investigar | Feudal Age |
| 7:20 | Crear | Militia |
| 7:34 | Crear | Militia |
| 7:42 | Construir | House |
| 8:00 | Crear | Villager (Male) |
| 8:21 | Crear | Militia |
| 9:40 | Edad | Edad Feudal |
| 9:41 | Investigar | Man-at-Arms (upgrade) |
| 9:43 | Crear | Villager (Male) |
| 9:45 | Construir | Archery Range |
| 9:55 | Crear | Villager (Male) |
| 9:59 | Investigar | Double-Bit Axe |
| 10:23 | Crear | Villager (Male) |
| 10:25 | Construir | Archery Range |
| 10:50 | Crear | Archer |
| 10:50 | Crear | Archer |
| 10:58 | Crear | Villager (Male) |
| 10:59 | Construir | House |
| 11:11 | Crear | Villager (Male) |
| 11:15 | Construir | Farm |
| 11:27 | Crear | Archer |
| 11:29 | Crear | Villager (Male) |
| 11:35 | Construir | Farm |
| 11:38 | Crear | Archer |
| 11:42 | Construir | House |
| 11:45 | Construir | Stone Wall |
| 11:55 | Crear | Villager (Male) |
| 12:04 | Construir | Stone Wall |
| 12:05 | Construir | Stone Wall |
| 12:08 | Construir | Stone Wall |
| 12:16 | Crear | Villager (Male) |
| 12:16 | Crear | Archer |
| 12:18 | Construir | House |
| 12:20 | Investigar | Town Watch |
| 12:20 | Crear | Villager (Male) |
| 12:31 | Crear | Archer |
| 12:31 | Crear | Archer |
| 12:46 | Construir | Farm |
| 12:55 | Crear | Villager (Male) |
| 13:03 | Crear | Archer |
| 13:03 | Crear | Archer |
| 13:15 | Crear | Villager (Male) |
| 13:19 | Construir | Farm |
| 13:31 | Construir | Blacksmith |
| 13:41 | Crear | Archer |
| 13:46 | Crear | Archer |
| 13:56 | Crear | Archer |
| 14:13 | Crear | Villager (Male) |
| 14:15 | Construir | Farm |
| 14:15 | Construir | Farm |
| 14:18 | Construir | Stone Wall |
| 14:20 | Construir | Stone Wall |
| 14:25 | Crear | Archer |
| 14:25 | Crear | Archer |
| 14:43 | Crear | Villager (Male) |
| 14:45 | Construir | Farm |
| 14:48 | Crear | Villager (Male) |
| 14:52 | Crear | Archer |
| 14:59 | Crear | Archer |
| 15:00 | Crear | Villager (Male) |
| 15:06 | Crear | Archer |
| 15:15 | Construir | Stone Wall |
| 15:16 | Construir | Stone Wall |
| 15:18 | Construir | Stone Wall |
| 15:19 | Construir | Stone Wall |
| 15:21 | Crear | Villager (Male) |
| 15:24 | Crear | Archer |
| 15:24 | Crear | Archer |
| 15:32 | Investigar | Fletching |
| 15:44 | Crear | Archer |
| 15:54 | Crear | Archer |
| 15:58 | Crear | Villager (Male) |
| 16:00 | Construir | Farm |
| 16:03 | Construir | House |
| 16:08 | Crear | Archer |
| 16:08 | Crear | Archer |
| 16:30 | Construir | Farm |
| 16:34 | Crear | Archer |
| 16:49 | Crear | Archer |
| 16:50 | Crear | Archer |
| 17:01 | Crear | Archer |
| 17:01 | Crear | Archer |
| 17:03 | Crear | Villager (Male) |
| 17:05 | Crear | Villager (Male) |
| 17:09 | Construir | Lumber Camp |
| 17:12 | Crear | Archer |
| 17:19 | Crear | Villager (Male) |
| 17:20 | Construir | Farm |
| 17:33 | Construir | Farm |
| 17:40 | Crear | Archer |
| 17:41 | Crear | Archer |
| 17:51 | Investigar | Wheelbarrow |
| 17:53 | Crear | Villager (Male) |
| 17:55 | Construir | House |
| 17:58 | Construir | House |
| 18:16 | Construir | Stone Wall |
| 18:16 | Construir | Stone Wall |
| 18:17 | Construir | Stone Wall |
| 18:18 | Construir | Stone Wall |
| 18:23 | Construir | Stone Wall |
| 18:24 | Construir | Stone Wall |
| 18:27 | Construir | Stone Wall |
| 18:30 | Crear | Archer |
| 18:30 | Crear | Archer |
| 18:31 | Crear | Villager (Male) |
| 18:36 | Construir | Farm |
| 18:41 | Crear | Villager (Male) |
| 19:03 | Construir | Mining Camp |
| 19:07 | Crear | Archer |
| 19:07 | Crear | Archer |
| 19:15 | Crear | Archer |
| 19:40 | Crear | Archer |
| 19:40 | Crear | Archer |
| 19:46 | Construir | House |
| 19:47 | Construir | House |
| 19:52 | Crear | Archer |
| 20:05 | Construir | Farm |
| 20:19 | Construir | House |
| 20:32 | Crear | Archer |
| 20:50 | Construir | Stone Wall |
| 20:54 | Construir | Stone Wall |
| 20:57 | Crear | Archer |
Build order — Fs.Alive
Primeras 150 de 731 acciones detectadas
| 0:01 | Crear | Villager (Male) |
| 0:02 | Construir | House |
| 0:04 | Construir | House |
| 0:09 | Crear | Villager (Male) |
| 0:11 | Crear | Villager (Male) |
| 0:11 | Crear | Villager (Male) |
| 1:17 | Crear | Villager (Male) |
| 1:49 | Crear | Villager (Male) |
| 1:52 | Construir | Lumber Camp |
| 1:54 | Crear | Villager (Male) |
| 2:24 | Crear | Villager (Male) |
| 3:01 | Crear | Villager (Male) |
| 3:06 | Crear | Villager (Male) |
| 3:36 | Crear | Villager (Male) |
| 3:36 | Crear | Villager (Male) |
| 3:51 | Crear | Villager (Male) |
| 4:06 | Construir | House |
| 4:18 | Crear | Villager (Male) |
| 4:19 | Crear | Villager (Male) |
| 5:03 | Crear | Villager (Male) |
| 5:13 | Crear | Villager (Male) |
| 5:26 | Crear | Villager (Male) |
| 5:41 | Construir | Mill |
| 5:47 | Crear | Villager (Male) |
| 6:13 | Construir | House |
| 7:00 | Construir | Mill |
| 7:10 | Investigar | Feudal Age |
| 7:11 | Investigar | Feudal Age |
| 8:30 | Construir | Barracks |
| 9:20 | Edad | Edad Feudal |
| 9:24 | Crear | Villager (Male) |
| 9:40 | Investigar | Loom |
| 9:41 | Crear | Villager (Male) |
| 9:48 | Construir | Stable |
| 9:55 | Crear | Villager (Male) |
| 10:03 | Construir | House |
| 10:19 | Construir | House |
| 10:31 | Crear | Villager (Male) |
| 10:43 | Crear | Villager (Male) |
| 10:43 | Crear | Villager (Male) |
| 10:51 | Crear | Scout Cavalry |
| 10:51 | Crear | Scout Cavalry |
| 11:06 | Crear | Villager (Male) |
| 11:33 | Construir | House |
| 11:34 | Crear | Scout Cavalry |
| 11:44 | Investigar | Horse Collar |
| 11:44 | Investigar | Horse Collar |
| 11:45 | Investigar | Double-Bit Axe |
| 11:45 | Investigar | Double-Bit Axe |
| 11:50 | Construir | House |
| 12:05 | Crear | Scout Cavalry |
| 12:14 | Crear | Villager (Male) |
| 12:24 | Construir | Farm |
| 12:26 | Construir | Mining Camp |
| 12:33 | Construir | Blacksmith |
| 12:42 | Crear | Scout Cavalry |
| 12:43 | Crear | Villager (Male) |
| 12:51 | Crear | Villager (Male) |
| 12:55 | Construir | House |
| 12:59 | Construir | House |
| 13:05 | Crear | Villager (Male) |
| 13:07 | Construir | Farm |
| 13:20 | Investigar | Scale Barding Armor |
| 13:21 | Crear | Villager (Male) |
| 13:23 | Construir | Farm |
| 13:33 | Construir | House |
| 13:36 | Crear | Villager (Male) |
| 13:38 | Construir | Palisade Wall |
| 13:44 | Crear | Scout Cavalry |
| 13:48 | Crear | Villager (Male) |
| 13:50 | Construir | Farm |
| 13:57 | Construir | Farm |
| 14:11 | Crear | Scout Cavalry |
| 14:16 | Construir | Farm |
| 14:22 | Crear | Spearman |
| 14:27 | Crear | Villager (Male) |
| 14:43 | Crear | Scout Cavalry |
| 14:44 | Crear | Villager (Male) |
| 15:00 | Construir | Farm |
| 15:02 | Construir | Farm |
| 15:05 | Crear | Villager (Male) |
| 15:06 | Construir | Farm |
| 15:13 | Construir | Farm |
| 15:19 | Construir | Farm |
| 15:28 | Crear | Scout Cavalry |
| 15:44 | Crear | Villager (Male) |
| 15:49 | Crear | Scout Cavalry |
| 15:58 | Construir | Farm |
| 16:08 | Construir | Farm |
| 16:09 | Construir | Farm |
| 16:16 | Investigar | Bloodlines |
| 16:17 | Investigar | Bloodlines |
| 16:20 | Crear | Villager (Male) |
| 16:42 | Crear | Villager (Male) |
| 16:44 | Construir | Palisade Wall |
| 16:46 | Construir | Farm |
| 16:51 | Construir | Farm |
| 16:52 | Construir | Farm |
| 16:53 | Construir | Farm |
| 17:02 | Crear | Scout Cavalry |
| 17:17 | Construir | Farm |
| 17:38 | Crear | Villager (Male) |
| 17:39 | Crear | Scout Cavalry |
| 17:53 | Crear | Scout Cavalry |
| 17:54 | Crear | Villager (Male) |
| 17:55 | Construir | Farm |
| 18:00 | Construir | House |
| 18:00 | Construir | House |
| 18:15 | Crear | Villager (Male) |
| 18:18 | Construir | Farm |
| 18:21 | Construir | Farm |
| 18:23 | Construir | Farm |
| 18:43 | Construir | Market |
| 18:55 | Crear | Villager (Male) |
| 19:07 | Construir | House |
| 19:09 | Construir | Palisade Wall |
| 19:29 | Investigar | Castle Age |
| 19:29 | Investigar | Castle Age |
| 19:50 | Crear | Scout Cavalry |
| 20:01 | Construir | House |
| 20:08 | Construir | House |
| 20:11 | Construir | House |
| 20:15 | Construir | Palisade Wall |
| 20:24 | Crear | Scout Cavalry |
| 20:25 | Crear | Scout Cavalry |
| 20:28 | Construir | Stable |
| 20:31 | Construir | Farm |
| 21:13 | Construir | House |
| 21:25 | Crear | Scout Cavalry |
| 21:25 | Crear | Scout Cavalry |
| 21:25 | Crear | Scout Cavalry |
| 21:30 | Investigar | Forging |
| 21:31 | Investigar | Forging |
| 21:53 | Crear | Scout Cavalry |
| 21:57 | Construir | Palisade Wall |
| 22:06 | Crear | Scout Cavalry |
| 22:09 | Edad | Edad de los Castillos |
| 22:19 | Crear | Villager (Male) |
| 22:26 | Investigar | Light Cavalry (upgrade) |
| 22:26 | Investigar | Light Cavalry (upgrade) |
| 22:26 | Investigar | Husbandry |
| 22:31 | Crear | Villager (Male) |
| 22:36 | Construir | Town Center |
| 22:46 | Crear | Villager (Male) |
| 23:04 | Construir | Town Center |
| 23:20 | Investigar | Husbandry |
| 23:20 | Investigar | Husbandry |
| 23:31 | Investigar | Iron Casting |
| 23:31 | Investigar | Iron Casting |
| 23:34 | Crear | Villager (Male) |
Build order — [R1] Pume
Primeras 150 de 699 acciones detectadas
| 0:01 | Crear | Villager (Male) |
| 0:01 | Crear | Villager (Male) |
| 0:02 | Construir | House |
| 0:02 | Crear | Villager (Male) |
| 0:03 | Construir | House |
| 0:07 | Crear | Villager (Male) |
| 1:24 | Crear | Villager (Male) |
| 1:49 | Crear | Villager (Male) |
| 2:22 | Crear | Villager (Male) |
| 2:42 | Crear | Villager (Male) |
| 2:52 | Crear | Villager (Male) |
| 3:05 | Construir | Mule Cart |
| 3:10 | Construir | House |
| 3:46 | Crear | Villager (Male) |
| 3:52 | Crear | Villager (Male) |
| 4:35 | Construir | Mill |
| 4:39 | Construir | Palisade Wall |
| 4:43 | Crear | Villager (Male) |
| 4:46 | Crear | Villager (Male) |
| 4:56 | Crear | Villager (Male) |
| 5:11 | Crear | Villager (Male) |
| 5:45 | Crear | Villager (Male) |
| 6:06 | Construir | Mill |
| 6:37 | Crear | Villager (Male) |
| 6:56 | Investigar | Feudal Age |
| 7:17 | Construir | Mule Cart |
| 7:28 | Crear | Villager (Male) |
| 7:39 | Crear | Villager (Male) |
| 7:41 | Construir | House |
| 8:02 | Construir | House |
| 8:44 | Construir | Barracks |
| 9:06 | Edad | Edad Feudal |
| 9:08 | Investigar | Double-Bit Axe |
| 9:26 | Crear | Villager (Male) |
| 10:00 | Construir | Stable |
| 10:11 | Crear | Villager (Male) |
| 10:15 | Crear | Villager (Male) |
| 10:18 | Crear | Villager (Male) |
| 10:24 | Crear | Villager (Male) |
| 10:36 | Crear | Villager (Male) |
| 10:43 | Crear | Scout Cavalry |
| 10:44 | Crear | Villager (Male) |
| 10:56 | Crear | Scout Cavalry |
| 10:56 | Crear | Villager (Male) |
| 11:06 | Crear | Villager (Male) |
| 11:10 | Construir | House |
| 11:18 | Crear | Scout Cavalry |
| 11:27 | Investigar | Horse Collar |
| 11:29 | Construir | Farm |
| 11:31 | Construir | Farm |
| 11:37 | Crear | Villager (Male) |
| 11:52 | Construir | Farm |
| 11:59 | Crear | Scout Cavalry |
| 12:01 | Crear | Villager (Male) |
| 12:04 | Crear | Scout Cavalry |
| 12:09 | Construir | Farm |
| 12:35 | Crear | Villager (Male) |
| 12:38 | Construir | Farm |
| 12:44 | Construir | Farm |
| 12:47 | Crear | Villager (Male) |
| 12:49 | Construir | House |
| 12:49 | Construir | House |
| 13:03 | Crear | Scout Cavalry |
| 13:12 | Crear | Scout Cavalry |
| 13:20 | Construir | House |
| 13:26 | Crear | Scout Cavalry |
| 13:39 | Crear | Villager (Male) |
| 13:45 | Crear | Villager (Male) |
| 13:47 | Construir | Farm |
| 13:48 | Construir | Farm |
| 13:49 | Construir | Farm |
| 13:57 | Crear | Villager (Male) |
| 14:05 | Crear | Scout Cavalry |
| 14:08 | Construir | Farm |
| 14:08 | Construir | Farm |
| 14:09 | Construir | Farm |
| 14:19 | Crear | Scout Cavalry |
| 14:41 | Crear | Villager (Male) |
| 14:45 | Construir | Farm |
| 14:45 | Construir | Farm |
| 15:05 | Construir | Farm |
| 15:07 | Construir | Farm |
| 15:08 | Construir | Farm |
| 15:27 | Crear | Villager (Male) |
| 15:38 | Crear | Villager (Male) |
| 15:40 | Construir | Blacksmith |
| 15:43 | Crear | Scout Cavalry |
| 15:47 | Crear | Villager (Male) |
| 15:50 | Crear | Villager (Male) |
| 15:53 | Crear | Villager (Male) |
| 15:59 | Construir | Farm |
| 16:03 | Investigar | Scale Barding Armor |
| 16:13 | Crear | Villager (Male) |
| 16:19 | Crear | Scout Cavalry |
| 16:20 | Crear | Villager (Male) |
| 16:34 | Crear | Scout Cavalry |
| 16:41 | Crear | Villager (Male) |
| 16:46 | Crear | Villager (Male) |
| 16:50 | Investigar | Wheelbarrow |
| 17:07 | Crear | Scout Cavalry |
| 17:08 | Crear | Villager (Male) |
| 17:19 | Crear | Scout Cavalry |
| 17:31 | Crear | Scout Cavalry |
| 17:44 | Construir | Farm |
| 17:46 | Construir | Farm |
| 17:47 | Construir | Farm |
| 17:47 | Construir | Mill |
| 17:48 | Construir | Farm |
| 17:48 | Construir | Farm |
| 17:48 | Construir | Farm |
| 18:48 | Construir | Watch Tower |
| 18:55 | Construir | House |
| 18:58 | Construir | House |
| 19:02 | Investigar | Castle Age |
| 19:31 | Crear | Scout Cavalry |
| 19:33 | Investigar | Bloodlines |
| 19:39 | Construir | Palisade Wall |
| 19:58 | Construir | Palisade Wall |
| 20:10 | Investigar | Loom |
| 20:44 | Crear | Scout Cavalry |
| 20:44 | Crear | Scout Cavalry |
| 21:11 | Construir | Stable |
| 21:19 | Investigar | Forging |
| 21:29 | Crear | Villager (Male) |
| 21:38 | Investigar | Loom |
| 21:38 | Investigar | Town Watch |
| 21:42 | Edad | Edad de los Castillos |
| 21:59 | Investigar | Light Cavalry (upgrade) |
| 22:00 | Crear | Villager (Male) |
| 22:02 | Crear | Villager (Male) |
| 22:03 | Crear | Villager (Male) |
| 22:24 | Crear | Knight |
| 22:26 | Crear | Villager (Male) |
| 22:33 | Crear | Villager (Male) |
| 22:55 | Crear | Villager (Male) |
| 22:57 | Crear | Knight |
| 22:57 | Crear | Knight |
| 23:09 | Crear | Villager (Male) |
| 23:20 | Crear | Villager (Male) |
| 23:23 | Construir | Mule Cart |
| 23:33 | Crear | Villager (Male) |
| 23:41 | Construir | Town Center |
| 23:42 | Crear | Villager (Male) |
| 23:44 | Construir | Monastery |
| 23:51 | Crear | Villager (Male) |
| 24:00 | Crear | Villager (Male) |
| 24:02 | Crear | Villager (Male) |
| 24:02 | Crear | Villager (Male) |
| 24:06 | Investigar | Bow Saw |
| 24:18 | Crear | Knight |
Cronología de la partida
| 4:39 | [R1] Pume · wall_segment Palisade Wall x1 |
| 5:18 | Poxo · first_building Barracks |
| 7:07 | Oni.TaToH · first_building Barracks |
| 7:20 | Fs.Bily · first_building Barracks |
| 7:46 | [R1] Duke PEÑAROL Thompson · first_building Barracks |
| 7:50 | BielVicc · first_building Barracks |
| 8:04 | Oni.TaToH · age_up feudal |
| 8:20 | Oni.TaToH · first_building Stable |
| 8:26 | Fs.Bily · age_up feudal |
| 8:30 | Fs.Alive · first_building Barracks |
| 8:30 | Fs.Bily · first_building Stable |
| 8:44 | BielVicc · first_building Archery Range |
| 8:44 | [R1] Pume · first_building Barracks |
| 9:06 | [R1] Pume · age_up feudal |
| 9:08 | Fs.BO do Bily · wall_segment Palisade Wall x1 |
| 9:09 | Fs.BO do Bily · wall_segment Palisade Wall x1 |
| 9:20 | [R1] Duke PEÑAROL Thompson · age_up feudal |
| 9:20 | Fs.Alive · age_up feudal |
| 9:21 | [R1] Duke PEÑAROL Thompson · first_building Archery Range |
| 9:24 | Fs.Bily · wall_segment Palisade Wall x1 |
| 9:40 | Poxo · age_up feudal |
| 9:43 | Fs.BO do Bily · age_up feudal |
| 9:45 | Poxo · first_building Archery Range |
| 9:48 | Fs.Alive · first_building Stable |
| 9:50 | BielVicc · wall_segment Palisade Wall x1 |
| 9:59 | BielVicc · wall_segment Palisade Wall x3 |
| 10:00 | [R1] Pume · first_building Stable |
| 10:02 | BielVicc · wall_segment Palisade Wall x1 |
| 10:26 | Fs.BO do Bily · wall_segment Palisade Wall x1 |
| 10:34 | Fs.BO do Bily · first_market_sell 100 stone |
| 10:35 | BielVicc · wall_segment Palisade Wall x1 |
| 10:51 | BielVicc · wall_segment Palisade Wall x1 |
| 11:27 | Oni.TaToH · wall_segment Stone Wall x1 |
| 11:35 | Oni.TaToH · wall_segment Stone Wall x12 |
| 11:45 | Poxo · wall_segment Stone Wall x9 |
| 11:47 | BielVicc · wall_segment Palisade Wall x5 |
| 12:04 | Poxo · wall_segment Stone Wall x5 |
| 12:05 | Poxo · wall_segment Stone Wall x10 |
| 12:08 | Poxo · wall_segment Stone Wall x10 |
| 12:49 | Fs.BO do Bily · wall_segment Palisade Wall x1 |
| 13:16 | Fs.BO do Bily · age_up castle |
| 13:17 | Fs.BO do Bily · first_building Siege Workshop |
| 13:30 | Oni.TaToH · wall_segment Stone Wall x1 |
| 13:38 | Fs.Alive · wall_segment Palisade Wall x1 |
| 14:18 | Poxo · wall_segment Stone Wall x4 |
| 14:20 | Poxo · wall_segment Stone Wall x1 |
| 15:01 | BielVicc · wall_segment Palisade Wall x7 |
| 15:04 | BielVicc · wall_segment Palisade Wall x3 |
| 15:05 | BielVicc · wall_segment Palisade Wall x11 |
| 15:07 | Fs.Bily · wall_segment Palisade Wall x3 |
| 15:09 | Fs.Bily · wall_segment Palisade Wall x6 |
| 15:11 | Fs.Bily · wall_segment Palisade Wall x2 |
| 15:15 | Poxo · wall_segment Stone Wall x1 |
| 15:16 | Poxo · wall_segment Stone Wall x1 |
| 15:18 | Poxo · wall_segment Stone Wall x1 |
| 15:19 | Poxo · wall_segment Stone Wall x1 |
| 15:37 | [R1] Duke PEÑAROL Thompson · wall_segment Palisade Wall x17 |
| 16:07 | Fs.Bily · wall_segment Palisade Wall x1 |
| 16:09 | Fs.Bily · wall_segment Palisade Wall x1 |
| 16:25 | Fs.Bily · wall_segment Palisade Wall x1 |
| 16:44 | Fs.Alive · wall_segment Palisade Wall x1 |
| 17:05 | [R1] Duke PEÑAROL Thompson · first_market_buy 100 stone |
| 17:44 | Fs.Bily · wall_segment Palisade Wall x1 |
| 17:47 | Fs.Bily · wall_segment Palisade Wall x1 |
| 17:48 | Fs.Bily · wall_segment Palisade Wall x2 |
| 18:13 | Fs.Bily · wall_segment Palisade Wall x1 |
| 18:15 | Fs.Bily · wall_segment Palisade Wall x1 |
| 18:16 | Poxo · wall_segment Stone Wall x1 |
| 18:16 | Poxo · wall_segment Stone Wall x1 |
| 18:17 | Poxo · wall_segment Stone Wall x1 |
| 18:18 | Poxo · wall_segment Stone Wall x1 |
| 18:23 | Poxo · wall_segment Stone Wall x2 |
| 18:24 | Poxo · wall_segment Stone Wall x2 |
| 18:27 | Poxo · wall_segment Stone Wall x1 |
| 18:53 | [R1] Duke PEÑAROL Thompson · wall_segment Stone Wall x6 |
| 19:08 | BielVicc · first_market_buy 100 food |
| 19:09 | Fs.Alive · wall_segment Palisade Wall x1 |
| 19:21 | Fs.Bily · age_up castle |
| 19:39 | [R1] Pume · wall_segment Palisade Wall x3 |
| 19:50 | [R1] Duke PEÑAROL Thompson · wall_segment Stone Wall x20 |
| 19:58 | [R1] Pume · wall_segment Palisade Wall x1 |
| 20:01 | Oni.TaToH · age_up castle |
| 20:15 | Fs.Alive · wall_segment Palisade Wall x1 |
| 20:31 | Fs.BO do Bily · first_market_buy 100 food |
| 20:46 | [R1] Duke PEÑAROL Thompson · wall_segment Stone Wall x15 |
| 20:50 | Poxo · wall_segment Stone Wall x2 |
| 20:54 | Poxo · wall_segment Stone Wall x1 |
| 21:18 | [R1] Duke PEÑAROL Thompson · wall_segment Stone Wall x14 |
| 21:31 | Poxo · wall_segment Stone Wall x2 |
| 21:32 | Poxo · wall_segment Stone Wall x1 |
| 21:42 | [R1] Pume · age_up castle |
| 21:57 | Fs.Alive · wall_segment Palisade Wall x1 |
| 22:05 | [R1] Duke PEÑAROL Thompson · wall_segment Stone Wall x8 |
| 22:09 | Fs.Alive · age_up castle |
| 22:14 | Poxo · wall_segment Stone Wall x1 |
| 22:16 | Poxo · wall_segment Stone Wall x1 |
| 22:19 | BielVicc · first_building Monastery |
| 22:29 | [R1] Duke PEÑAROL Thompson · wall_segment Stone Wall x3 |
| 22:35 | Poxo · wall_segment Stone Wall x2 |
| 22:40 | [R1] Duke PEÑAROL Thompson · wall_segment Stone Wall x2 |
| 22:41 | [R1] Duke PEÑAROL Thompson · wall_segment Stone Wall x4 |
| 22:46 | [R1] Duke PEÑAROL Thompson · wall_segment Stone Wall x4 |
| 22:48 | BielVicc · wall_segment Stone Wall x6 |
| 22:51 | BielVicc · wall_segment Stone Wall x7 |
| 22:59 | [R1] Duke PEÑAROL Thompson · wall_segment Stone Wall x2 |
| 23:08 | Oni.TaToH · first_market_sell 100 food |
| 23:09 | Oni.TaToH · first_market_buy 100 stone |
| 23:10 | [R1] Duke PEÑAROL Thompson · wall_segment Stone Wall x3 |
| 23:12 | [R1] Duke PEÑAROL Thompson · wall_segment Stone Wall x9 |
| 23:14 | [R1] Duke PEÑAROL Thompson · wall_segment Stone Wall x4 |
| 23:18 | [R1] Duke PEÑAROL Thompson · wall_segment Stone Wall x12 |
| 23:23 | [R1] Duke PEÑAROL Thompson · wall_segment Stone Wall x4 |
| 23:24 | [R1] Duke PEÑAROL Thompson · wall_segment Stone Wall x6 |
| 23:26 | [R1] Duke PEÑAROL Thompson · wall_segment Stone Wall x1 |
| 23:44 | [R1] Pume · first_building Monastery |
| 23:59 | Poxo · age_up castle |
| 24:23 | [R1] Duke PEÑAROL Thompson · wall_segment Palisade Wall x1 |
| 25:27 | BielVicc · wall_segment Stone Wall x4 |
| 25:36 | [R1] Duke PEÑAROL Thompson · wall_segment Stone Wall x1 |
| 25:39 | Fs.Bily · first_building Castle |
| 26:07 | [R1] Duke PEÑAROL Thompson · first_market_sell 100 stone |
| 26:21 | [R1] Duke PEÑAROL Thompson · wall_segment Stone Wall x1 |
| 26:59 | Oni.TaToH · first_building Monastery |
| 27:13 | [R1] Duke PEÑAROL Thompson · wall_segment Stone Wall x1 |
| 27:19 | Poxo · wall_segment Stone Wall x2 |
| 27:22 | Poxo · wall_segment Stone Wall x6 |
| 27:53 | [R1] Duke PEÑAROL Thompson · wall_segment Stone Wall x4 |
| 27:55 | [R1] Duke PEÑAROL Thompson · wall_segment Stone Wall x2 |
| 28:11 | [R1] Duke PEÑAROL Thompson · wall_segment Stone Wall x1 |
| 28:12 | [R1] Duke PEÑAROL Thompson · wall_segment Stone Wall x1 |
| 28:13 | [R1] Duke PEÑAROL Thompson · wall_segment Stone Wall x1 |
| 28:26 | Poxo · first_building Monastery |
| 28:32 | BielVicc · first_building Siege Workshop |
| 29:09 | [R1] Duke PEÑAROL Thompson · age_up castle |
| 29:11 | [R1] Duke PEÑAROL Thompson · first_building Siege Workshop |
| 29:16 | Fs.Alive · first_building Monastery |
| 30:23 | Poxo · first_building Castle |
| 30:47 | Fs.Bily · first_market_sell 100 wood |
| 31:11 | [R1] Duke PEÑAROL Thompson · wall_segment Stone Wall x1 |
| 31:24 | Fs.BO do Bily · first_building Castle |
| 31:57 | BielVicc · first_building Castle |
| 32:34 | Oni.TaToH · age_up imperial |
| 32:47 | Fs.Bily · first_market_buy 100 wood |
| 32:52 | BielVicc · first_market_sell 100 wood |
| 32:54 | Fs.Alive · first_market_sell 100 food |
| 33:38 | Fs.Bily · age_up imperial |
| 33:49 | BielVicc · wall_segment Stone Wall x1 |
| 34:15 | Oni.TaToH · first_building Siege Workshop |
| 34:49 | Poxo · age_up imperial |
| 35:37 | Poxo · wall_segment Stone Wall x9 |
| 35:40 | Poxo · wall_segment Stone Wall x6 |
| 35:52 | Poxo · wall_segment Stone Wall x21 |
| 35:53 | Poxo · wall_segment Stone Wall x1 |
| 35:59 | Poxo · wall_segment Stone Wall x14 |
| 36:09 | [R1] Duke PEÑAROL Thompson · wall_segment Palisade Wall x1 |
| 36:11 | [R1] Duke PEÑAROL Thompson · wall_segment Palisade Wall x1 |
| 36:20 | Fs.Alive · age_up imperial |
| 36:36 | Fs.BO do Bily · age_up imperial |
| 36:45 | Poxo · wall_segment Stone Wall x6 |
| 36:47 | Poxo · wall_segment Stone Wall x5 |
| 36:53 | Poxo · wall_segment Stone Wall x18 |
| 36:55 | Fs.Alive · first_building Castle |
| 36:56 | Poxo · wall_segment Stone Wall x4 |
| 37:16 | Poxo · wall_segment Stone Wall x5 |
| 37:26 | Poxo · wall_segment Stone Wall x10 |
| 37:30 | Poxo · wall_segment Stone Wall x13 |
| 38:10 | Poxo · wall_segment Stone Wall x1 |
| 38:11 | Poxo · wall_segment Stone Wall x1 |
| 38:55 | Poxo · wall_segment Stone Wall x5 |
| 38:59 | Poxo · wall_segment Stone Wall x1 |
| 39:19 | Poxo · wall_segment Stone Wall x9 |
| 39:20 | Poxo · wall_segment Stone Wall x11 |
| 39:32 | Poxo · wall_segment Stone Wall x1 |
| 39:39 | Poxo · wall_segment Stone Wall x9 |
| 39:43 | Poxo · wall_segment Stone Wall x9 |
| 39:45 | Poxo · wall_segment Stone Wall x7 |
| 39:47 | Poxo · wall_segment Stone Wall x5 |
| 39:50 | Poxo · first_market_buy 100 stone |
| 39:54 | Poxo · wall_segment Stone Wall x7 |
| 39:55 | Poxo · wall_segment Stone Wall x1 |
| 39:56 | Poxo · wall_segment Stone Wall x1 |
| 40:04 | Poxo · wall_segment Stone Wall x1 |
| 40:05 | Poxo · wall_segment Stone Wall x1 |
| 40:34 | Poxo · wall_segment Stone Wall x10 |
| 40:36 | Poxo · wall_segment Stone Wall x10 |
| 40:40 | Poxo · wall_segment Stone Wall x16 |
| 40:43 | Poxo · wall_segment Stone Wall x8 |
| 40:50 | Oni.TaToH · tribute_sent a jugador 1 |
| 40:50 | Oni.TaToH · tribute_sent a jugador 2 |
| 40:50 | Oni.TaToH · tribute_sent a jugador 3 |
| 40:50 | Oni.TaToH · tribute_sent a jugador 5 |
| 40:50 | Oni.TaToH · tribute_sent a jugador 6 |
| 40:50 | Oni.TaToH · tribute_sent a jugador 7 |
| 40:50 | Oni.TaToH · tribute_sent a jugador 8 |
| 40:54 | Poxo · wall_segment Stone Wall x1 |
| 40:55 | Poxo · wall_segment Stone Wall x1 |
| 41:09 | Fs.BO do Bily · first_building Barracks |
| 41:10 | Poxo · wall_segment Stone Wall x2 |
| 41:16 | Poxo · wall_segment Stone Wall x9 |
| 41:18 | Poxo · wall_segment Stone Wall x5 |
| 41:32 | Poxo · wall_segment Stone Wall x13 |
| 41:34 | Poxo · wall_segment Stone Wall x3 |
| 41:38 | Poxo · wall_segment Stone Wall x2 |
| 41:42 | Poxo · wall_segment Stone Wall x1 |
| 41:45 | Poxo · wall_segment Stone Wall x6 |
| 41:45 | [R1] Pume · age_up imperial |
| 42:41 | Oni.TaToH · wall_segment Stone Wall x1 |
| 42:41 | Poxo · wall_segment Stone Wall x1 |
| 42:48 | Fs.Alive · first_building Archery Range |
| 42:51 | Oni.TaToH · wall_segment Stone Wall x2 |
| 42:53 | Oni.TaToH · wall_segment Stone Wall x7 |
| 43:14 | Fs.Alive · wall_segment Stone Wall x5 |
| 43:16 | Fs.Alive · wall_segment Stone Wall x12 |
| 43:19 | Fs.Alive · wall_segment Stone Wall x1 |
| 43:21 | Fs.Alive · wall_segment Stone Wall x23 |
| 43:26 | Poxo · wall_segment Stone Wall x5 |
| 43:26 | [R1] Pume · first_market_buy 500 wood |
| 43:38 | Fs.Alive · first_market_buy 100 stone |
| 43:43 | BielVicc · tribute_sent a jugador 1 |
| 43:43 | BielVicc · tribute_sent a jugador 2 |
| 43:43 | BielVicc · tribute_sent a jugador 3 |
| 43:43 | BielVicc · tribute_sent a jugador 4 |
| 43:43 | BielVicc · tribute_sent a jugador 6 |
| 43:43 | BielVicc · tribute_sent a jugador 7 |
| 43:43 | BielVicc · tribute_sent a jugador 8 |
| 44:00 | [R1] Duke PEÑAROL Thompson · first_building Monastery |
| 44:00 | Fs.Alive · wall_segment Stone Wall x3 |
| 44:02 | Poxo · wall_segment Stone Wall x3 |
| 44:12 | Oni.TaToH · tribute_sent a jugador 1 |
| 44:12 | Oni.TaToH · tribute_sent a jugador 2 |
| 44:12 | Oni.TaToH · tribute_sent a jugador 3 |
| 44:12 | Oni.TaToH · tribute_sent a jugador 5 |
| 44:12 | Oni.TaToH · tribute_sent a jugador 6 |
| 44:12 | Oni.TaToH · tribute_sent a jugador 7 |
| 44:12 | Oni.TaToH · tribute_sent a jugador 8 |
| 44:14 | Fs.BO do Bily · wall_segment Stone Wall x25 |
| 44:29 | Poxo · wall_segment Stone Wall x2 |
| 44:31 | Poxo · wall_segment Stone Wall x1 |
| 44:32 | Oni.TaToH · tribute_sent a jugador 1 |
| 44:32 | Oni.TaToH · tribute_sent a jugador 2 |
| 44:32 | Oni.TaToH · tribute_sent a jugador 3 |
| 44:32 | Oni.TaToH · tribute_sent a jugador 5 |
| 44:32 | Oni.TaToH · tribute_sent a jugador 6 |
| 44:32 | Oni.TaToH · tribute_sent a jugador 7 |
| 44:32 | Oni.TaToH · tribute_sent a jugador 8 |
| 44:43 | Poxo · wall_segment Stone Wall x3 |
| 44:45 | [R1] Duke PEÑAROL Thompson · first_building Castle |
| 44:52 | Oni.TaToH · tribute_sent a jugador 1 |
| 44:52 | Oni.TaToH · tribute_sent a jugador 2 |
| 44:52 | Oni.TaToH · tribute_sent a jugador 3 |
| 44:52 | Oni.TaToH · tribute_sent a jugador 5 |
| 44:52 | Oni.TaToH · tribute_sent a jugador 6 |
| 44:52 | Oni.TaToH · tribute_sent a jugador 7 |
| 44:52 | Oni.TaToH · tribute_sent a jugador 8 |
| 44:56 | [R1] Pume · tribute_sent a jugador 1 |
| 44:56 | [R1] Pume · tribute_sent a jugador 2 |
| 44:56 | [R1] Pume · tribute_sent a jugador 3 |
| 44:56 | [R1] Pume · tribute_sent a jugador 4 |
| 44:56 | [R1] Pume · tribute_sent a jugador 5 |
| 44:56 | [R1] Pume · tribute_sent a jugador 6 |
| 44:56 | [R1] Pume · tribute_sent a jugador 7 |
| 45:03 | BielVicc · tribute_sent a jugador 1 |
| 45:03 | BielVicc · tribute_sent a jugador 2 |
| 45:03 | BielVicc · tribute_sent a jugador 3 |
| 45:03 | BielVicc · tribute_sent a jugador 4 |
| 45:03 | BielVicc · tribute_sent a jugador 6 |
| 45:03 | BielVicc · tribute_sent a jugador 7 |
| 45:03 | BielVicc · tribute_sent a jugador 8 |
| 45:05 | BielVicc · tribute_sent a jugador 1 |
| 45:05 | BielVicc · tribute_sent a jugador 2 |
| 45:05 | BielVicc · tribute_sent a jugador 3 |
| 45:05 | BielVicc · tribute_sent a jugador 4 |
| 45:05 | BielVicc · tribute_sent a jugador 6 |
| 45:05 | BielVicc · tribute_sent a jugador 7 |
| 45:05 | BielVicc · tribute_sent a jugador 8 |
| 45:10 | [R1] Pume · first_building Castle |
| 45:32 | BielVicc · tribute_sent a jugador 1 |
| 45:32 | BielVicc · tribute_sent a jugador 2 |
| 45:32 | BielVicc · tribute_sent a jugador 3 |
| 45:32 | BielVicc · tribute_sent a jugador 4 |
| 45:32 | BielVicc · tribute_sent a jugador 6 |
| 45:32 | BielVicc · tribute_sent a jugador 7 |
| 45:32 | BielVicc · tribute_sent a jugador 8 |
| 45:37 | Fs.Bily · tribute_sent a jugador 1 |
| 45:37 | Fs.Bily · tribute_sent a jugador 2 |
| 45:37 | Fs.Bily · tribute_sent a jugador 4 |
| 45:37 | Fs.Bily · tribute_sent a jugador 5 |
| 45:37 | Fs.Bily · tribute_sent a jugador 6 |
| 45:37 | Fs.Bily · tribute_sent a jugador 7 |
| 45:37 | Fs.Bily · tribute_sent a jugador 8 |
| 46:04 | BielVicc · wall_segment Stone Wall x1 |
| 46:06 | BielVicc · wall_segment Stone Wall x1 |
| 46:08 | BielVicc · wall_segment Stone Wall x1 |
| 46:09 | BielVicc · wall_segment Stone Wall x1 |
| 46:49 | Fs.Alive · wall_segment Stone Wall x1 |
| 46:51 | Fs.Alive · wall_segment Stone Wall x1 |
| 47:09 | Poxo · wall_segment Stone Wall x4 |
| 47:12 | Poxo · wall_segment Stone Wall x2 |
| 47:16 | Poxo · wall_segment Stone Wall x5 |
| 47:37 | [R1] Duke PEÑAROL Thompson · age_up imperial |
| 47:50 | BielVicc · tribute_sent a jugador 1 |
| 47:50 | BielVicc · tribute_sent a jugador 2 |
| 47:50 | BielVicc · tribute_sent a jugador 3 |
| 47:50 | BielVicc · tribute_sent a jugador 4 |
| 47:50 | BielVicc · tribute_sent a jugador 6 |
| 47:50 | BielVicc · tribute_sent a jugador 7 |
| 47:50 | BielVicc · tribute_sent a jugador 8 |
| 47:53 | Fs.Alive · first_building Siege Workshop |
| 48:02 | BielVicc · wall_segment Palisade Wall x1 |
| 48:05 | BielVicc · wall_segment Palisade Wall x1 |
| 48:31 | [R1] Pume · tribute_sent a jugador 1 |
| 48:31 | [R1] Pume · tribute_sent a jugador 2 |
| 48:31 | [R1] Pume · tribute_sent a jugador 3 |
| 48:31 | [R1] Pume · tribute_sent a jugador 4 |
| 48:31 | [R1] Pume · tribute_sent a jugador 5 |
| 48:31 | [R1] Pume · tribute_sent a jugador 6 |
| 48:31 | [R1] Pume · tribute_sent a jugador 7 |
| 49:02 | [R1] Pume · tribute_sent a jugador 1 |
| 49:02 | [R1] Pume · tribute_sent a jugador 2 |
| 49:02 | [R1] Pume · tribute_sent a jugador 3 |
| 49:02 | [R1] Pume · tribute_sent a jugador 4 |
| 49:02 | [R1] Pume · tribute_sent a jugador 5 |
| 49:02 | [R1] Pume · tribute_sent a jugador 6 |
| 49:02 | [R1] Pume · tribute_sent a jugador 7 |
| 50:13 | BielVicc · tribute_sent a jugador 1 |
| 50:13 | BielVicc · tribute_sent a jugador 2 |
| 50:13 | BielVicc · tribute_sent a jugador 3 |
| 50:13 | BielVicc · tribute_sent a jugador 4 |
| 50:13 | BielVicc · tribute_sent a jugador 6 |
| 50:13 | BielVicc · tribute_sent a jugador 7 |
| 50:13 | BielVicc · tribute_sent a jugador 8 |
| 51:29 | BielVicc · tribute_sent a jugador 1 |
| 51:29 | BielVicc · tribute_sent a jugador 2 |
| 51:29 | BielVicc · tribute_sent a jugador 3 |
| 51:29 | BielVicc · tribute_sent a jugador 4 |
| 51:29 | BielVicc · tribute_sent a jugador 6 |
| 51:29 | BielVicc · tribute_sent a jugador 7 |
| 51:29 | BielVicc · tribute_sent a jugador 8 |
| 53:44 | Fs.BO do Bily · first_building Archery Range |
| 54:11 | Oni.TaToH · resign |
| 54:16 | [R1] Duke PEÑAROL Thompson · first_building Stable |
[ ANÁLISIS IA · 1 CRÉDITO ]
¿Qué pasó realmente en esta partida?
Wolo.gg analiza cada decisión: build order, eco, micro, errores típicos por bracket. Análisis personalizado por WhatsApp o Discord en 30 segundos.
Guía civ
Shu
Perfil
Jugador #2904833